AoeStats
← waltwhite

Black Forest

510449366Analyzed
4v4 RM · 1d ago on Oct 1, 2026· 52m 29s· 8 players
Game mode
Random Map
Map size
Large (8 player)
Population
200
Speed
Normal
Resources
Standard
Victory
Conquest
Starting age
Dark Age
Ending age
Imperial Age
RankedLock teamsTeams togetherTeam positionsShared explorationLock speedFull tech treeHidden civsTurbo modeCheats
Victory
Defeat
🇺🇸 Teutons · United States
596
+10
🇲🇽 Persians · Mexico
544
+12
🇺🇸 Vikings · United States
503
+13
🇺🇸 Danes · United States
475
+15
🇺🇸 Gurjaras · United States
637
-20
🇳🇴 Cumans · Norway
439
-12
🇺🇸 Chinese · United States
370
-9
🇦🇷 Spanish · Argentina
349
-9
sir nore
0:39 Loom
15:40 Feudal Age
21:36 Castle Age
21:32 Wheelbarrow
21:29 Double-Bit Axe
25:36 Horse Collar
28:37 Bow Saw
29:42 Gold Mining
36:02 Imperial Age
35:04 Scale Barding Armor
35:10 Forging
35:01 Scale Mail Armor
35:01 Padded Archer Armor
34:52 Fletching
37:21 Onager
41:49 Devotion
42:43 Hand Cart
43:01 Chain Mail Armor
43:22 Iron Casting
43:08 Chain Barding Armor
43:03 Leather Archer Armor
42:44 Bodkin Arrow
47:41 Plate Barding Armor
47:36 Plate Mail Armor
48:07 Blast Furnace
47:38 Ring Archer Armor
48:09 Citadels
48:20 Conscription
48:01 Kamandaran
49:18 Town Watch
50:15 Town Patrol
50:39 Elite War Elephant
51:55 Hoardings
51:16 Stone Mining
52:02 Gold Shaft Mining
waltwhite
13:21 Feudal Age
13:59 Horse Collar
15:15 Double-Bit Axe
16:54 Stone Mining
18:26 Gold Mining
25:07 Man-at-Arms
25:33 Arson
34:55 Castle Age
33:25 Forging
35:15 Elite Skirmisher
37:23 Crossbowman
37:53 Long Swordsman
38:35 Squires
43:55 Gold Shaft Mining
43:41 Bow Saw
48:13 Chieftains
Kayak
11:02 Feudal Age
11:29 Double-Bit Axe
12:22 Wheelbarrow
17:29 Horse Collar
20:57 Castle Age
21:22 Forging
21:12 Scale Mail Armor
21:53 Hand Cart
21:42 Heavy Plow
22:11 Bow Saw
22:06 Stone Mining
23:35 Gold Mining
24:21 Stone Shaft Mining
25:01 Gold Shaft Mining
25:00 Gambesons
25:16 Squires
25:07 Arson
26:20 Caravan
28:10 Iron Casting
27:51 Chain Mail Armor
29:53 Hamask
36:12 Imperial Age
38:27 Blast Furnace
37:58 Plate Mail Armor
38:27 Elite Jomsviking
40:51 Conscription
guitarflyingmatt
7:05 Loom
9:32 Loom
12:54 Feudal Age
13:36 Double-Bit Axe
14:38 Wheelbarrow
14:37 Horse Collar
14:55 Stone Mining
18:29 Gold Mining
18:31 Town Watch
24:21 Castle Age
23:07 Fletching
23:26 Scale Mail Armor
23:38 Forging
23:12 Man-at-Arms
25:20 Hand Cart
26:11 Squires
25:33 Pikeman
25:33 Long Swordsman
26:02 Arson
26:57 Stone Shaft Mining
26:26 Heavy Plow
26:49 Bow Saw
26:57 Bodkin Arrow
28:03 Scale Barding Armor
29:35 Iron Casting
31:50 Stone Shaft Mining
33:32 Chain Mail Armor
33:40 Chain Barding Armor
36:30 Sanctity
36:21 Fervor
36:43 Fortified Wall
36:53 Ballistics
36:52 Town Patrol
37:26 Guard Tower
39:06 Caravan
41:48 Imperial Age
40:20 Bloodlines
42:55 Block Printing
44:45 Plate Mail Armor
45:16 Blast Furnace
44:08 Cavalier
45:27 Hoardings
44:16 Elite Teutonic Knight
45:17 Conscription
46:38 Crenellations
46:40 Ironclad
52:06 Halberdier
isthisthingon
1:10 Loom
11:31 Feudal Age
12:10 Horse Collar
12:34 Double-Bit Axe
20:55 Castle Age
21:36 Heavy Plow
21:35 Gold Mining
22:15 Bow Saw
24:29 Thumb Ring
25:59 Stone Mining
29:51 Wheelbarrow
29:10 Fletching
29:20 Padded Archer Armor
31:09 Kshatriyas
32:19 Gold Shaft Mining
38:26 Imperial Age
35:29 Elite Skirmisher
37:08 Bodkin Arrow
37:29 Leather Archer Armor
37:25 Forging
37:27 Bloodlines
38:31 Elite Elephant Archer
39:49 Frontier Guards
41:23 Husbandry
42:51 Chemistry
41:50 Murder Holes
42:18 Ballistics
43:11 Heavy Camel Rider
45:27 Fortified Wall
45:45 Bracer
46:35 Heavy Scorpion
48:16 Elite Shrivamsha Rider
Varg_1960
0:58 Loom
16:11 Feudal Age
17:27 Double-Bit Axe
19:51 Wheelbarrow
22:47 Town Watch
23:02 Man-at-Arms
34:25 Fletching
34:50 Forging
34:45 Scale Mail Armor
37:50 Padded Archer Armor
45:34 Gold Mining
Lore84
1:43 Loom
12:54 Feudal Age
13:20 Horse Collar
13:33 Double-Bit Axe
13:20 Man-at-Arms
14:03 Town Watch
17:28 Horse Collar
19:37 Gold Mining
26:28 Castle Age
25:53 Wheelbarrow
27:12 Caravan
27:08 Fletching
26:46 Elite Skirmisher
27:41 Stone Mining
28:58 Bow Saw
29:18 Pikeman
30:46 Heavy Plow
33:32 Sanctity
33:56 Coinage
35:08 Devotion
35:28 Fervor
35:04 Light Cavalry
36:26 Murder Holes
36:52 Herbal Medicine
38:17 Hand Cart
38:45 Guard Tower
39:07 Fortified Wall
39:46 Atonement
39:56 Husbandry
40:06 Bloodlines
43:15 Thumb Ring
44:40 Redemption
liuzi!
0:48 Loom
16:30 Feudal Age
17:52 Wheelbarrow
17:03 Town Watch
17:09 Double-Bit Axe
17:09 Horse Collar
17:22 Stone Mining
17:22 Gold Mining
26:50 Castle Age
25:14 Forging
25:04 Scale Mail Armor
25:26 Padded Archer Armor
25:43 Fletching
29:51 Hand Cart
29:37 Town Patrol
29:52 Bow Saw
29:46 Heavy Plow
30:29 Iron Casting
30:10 Chain Mail Armor
30:11 Leather Archer Armor
29:53 Bodkin Arrow
30:42 Stone Shaft Mining
31:11 Gold Shaft Mining
34:28 Caravan
37:44 Ballistics
37:36 Masonry
43:08 Imperial Age
43:37 Arson
43:52 Squires
43:13 Pikeman
44:40 Elite Chu Ko Nu
45:41 Conscription
45:42 Halberdier
49:41 Blast Furnace
49:11 Plate Mail Armor
49:13 Ring Archer Armor
48:43 Bracer
Connection lost

Rejoining the realm…

Still unreachable

The connection could not be restored.

Session expired

The server has moved on; the page needs a fresh start.